TOP OF THE 1ST |
Seattle Mariners batting - Pitching for Kansas City Royals : RHP Aaron Nola
|
Pitching: RHP Aaron Nola
|
|
Batting: LHB Brandon Nimmo
|
0-0: Ball 1-0: Ball 2-0: Foul Ball, location: 2F 2-1: Ball 3-1: Called Strike 3-2: Foul Ball, location: 2F 3-2: Base on Balls
|
Batting: RHB Mookie Betts
|
0-0: Grounds into double play, 4-6-3 (Groundball, 4MD, EV 98.1 MPH)
|
Batting: RHB Manny Machado
|
0-0: Called Strike 0-1: Ball 1-1: Ball 2-1: Ball 3-1: Foul Ball, location: 2F 3-2: Fly out, F8 (Flyball, 8RS, EV 94.4 MPH)
|
Top of the 1st over - 0 runs, 0 hits, 0 errors, 0 left on base; Seattle 0 - Kansas City 0 |
BOTTOM OF THE 1ST |
Kansas City Royals batting - Pitching for Seattle Mariners : RHP Zach Eflin
|
Pitching: RHP Zach Eflin
|
|
Batting: RHB Whit Merrifield
|
0-0: Called Strike 0-1: Foul Ball, location: 3F 0-2: Ground out U3 (Groundball, 3S, EV 69.4 MPH)
|
Batting: RHB Dansby Swanson
|
0-0: DOUBLE (Flyball, 8LXD, EV 103.1 MPH)
|
Batting: LHB Triston Casas
|
0-0: Ball 1-0: Foul Ball, location: 2F 1-1: Ball 2-1: Foul Ball, location: 2F 2-2: Ball 3-2: Base on Balls
|
Batting: RHB Nolan Arenado
|
0-0: Called Strike 0-1: Swinging Strike 0-2: Fly out, F9 (Flyball, 9, EV 85.6 MPH)
|
Batting: LHB Jared Walsh
|
0-0: Fly out, F9 (Flyball, 89M, EV 85.6 MPH)
|
Bottom of the 1st over - 0 runs, 1 hit, 0 errors, 2 left on base; Seattle 0 - Kansas City 0 |
TOP OF THE 2ND |
Seattle Mariners batting - Pitching for Kansas City Royals : RHP Aaron Nola
|
Batting: LHB Joey Votto
|
0-0: Ball 1-0: Called Strike 1-1: Ball 2-1: Fly out, F8 (Flyball, 8RM, EV 80.6 MPH)
|
Batting: LHB Rowdy Tellez
|
0-0: Foul Ball, location: 2F 0-1: Foul Ball, location: 2F 0-2: Strikes out swinging
|
Batting: LHB Akil Baddoo
|
0-0: Swinging Strike 0-1: Foul Ball, location: 2F 0-2: Ball 1-2: Ball 2-2: Ground out 4-3 (Groundball, 4, EV 79.4 MPH)
|
Top of the 2nd over - 0 runs, 0 hits, 0 errors, 0 left on base; Seattle 0 - Kansas City 0 |
BOTTOM OF THE 2ND |
Kansas City Royals batting - Pitching for Seattle Mariners : RHP Zach Eflin
|
Batting: RHB Gleyber Torres
|
0-0: Ball 1-0: Foul Ball, location: 9LMF 1-1: Swinging Strike 1-2: Ball 2-2: Foul Ball, location: 9LDF 2-2: Ground out 6-3 (Groundball, 6, EV 83.8 MPH)
|
Batting: LHB TJ Friedl
|
0-0: Swinging Strike 0-1: Swinging Strike 0-2: Foul Ball, location: 2F 0-2: Ball 1-2: Strikes out swinging
|
Batting: RHB Sean Murphy
|
0-0: Swinging Strike 0-1: Ball 1-1: Fly out, F8 (Flyball, 8RXD, EV 106.3 MPH)
|
Bottom of the 2nd over - 0 runs, 0 hits, 0 errors, 0 left on base; Seattle 0 - Kansas City 0 |
TOP OF THE 3RD |
Seattle Mariners batting - Pitching for Kansas City Royals : RHP Aaron Nola
|
Batting: LHB Reese McGuire
|
0-0: Ground out 4-3 (Groundball, 4, EV 80.6 MPH)
|
Batting: RHB Aledmys Diaz
|
0-0: Ground out U3 (Groundball, 3L, EV 92.5 MPH)
|
Batting: RHB Nick Ahmed
|
0-0: Foul Ball, location: 2F 0-1: Swinging Strike 0-2: Ball 1-2: Strikes out swinging
|
Top of the 3rd over - 0 runs, 0 hits, 0 errors, 0 left on base; Seattle 0 - Kansas City 0 |
BOTTOM OF THE 3RD |
Kansas City Royals batting - Pitching for Seattle Mariners : RHP Zach Eflin
|
Batting: LHB Trent Grisham
|
0-0: Ground out 6-3 (Groundball, 6, EV 79.4 MPH)
|
Batting: RHB Whit Merrifield
|
0-0: Ball 1-0: Ball 2-0: Ground out 6-3 (Groundball, 6, EV 81.9 MPH)
|
Batting: RHB Dansby Swanson
|
0-0: Called Strike 0-1: Ball 1-1: Ball 2-1: Ball 3-1: Foul Ball, location: 9LSF 3-2: Strikes out swinging
|
Bottom of the 3rd over - 0 runs, 0 hits, 0 errors, 0 left on base; Seattle 0 - Kansas City 0 |
TOP OF THE 4TH |
Seattle Mariners batting - Pitching for Kansas City Royals : RHP Aaron Nola
|
Batting: LHB Brandon Nimmo
|
0-0: Ball 1-0: Called Strike 1-1: Swinging Strike 1-2: Ball 2-2: Foul Ball, location: 2F 2-2: Strikes out swinging
|
Batting: RHB Mookie Betts
|
0-0: Fly out, F2 (Popup, 23F, EV 85.6 MPH)
|
Batting: RHB Manny Machado
|
0-0: Foul Ball, location: 5FF 0-1: Swinging Strike 0-2: Foul Ball, location: 3SF 0-2: Foul Ball, location: 2F 0-2: Strikes out swinging
|
Top of the 4th over - 0 runs, 0 hits, 0 errors, 0 left on base; Seattle 0 - Kansas City 0 |
BOTTOM OF THE 4TH |
Kansas City Royals batting - Pitching for Seattle Mariners : RHP Zach Eflin
|
Batting: LHB Triston Casas
|
0-0: Swinging Strike 0-1: Hit by Pitch
|
Batting: RHB Nolan Arenado
|
0-0: Fielders Choice at 2nd, 1-4 (Groundball, 15, EV 68.8 MPH)
|
Batting: LHB Jared Walsh
|
0-0: Fly out, F8 (Flyball, 8RXD, EV 104.4 MPH)
|
Batting: RHB Gleyber Torres
|
0-0: Ground out 1-3 (Groundball, 15S, EV 66.3 MPH)
|
Bottom of the 4th over - 0 runs, 0 hits, 0 errors, 1 left on base; Seattle 0 - Kansas City 0 |
TOP OF THE 5TH |
Seattle Mariners batting - Pitching for Kansas City Royals : RHP Aaron Nola
|
Batting: LHB Joey Votto
|
0-0: Called Strike 0-1: Called Strike 0-2: Ball 1-2: Ball 2-2: Strikes out looking
|
Batting: LHB Rowdy Tellez
|
0-0: Called Strike 0-1: Called Strike 0-2: Ball 1-2: Strikes out swinging
|
Batting: LHB Akil Baddoo
|
0-0: Ground out 3-1 (Groundball, 34, EV 85.0 MPH)
|
Top of the 5th over - 0 runs, 0 hits, 0 errors, 0 left on base; Seattle 0 - Kansas City 0 |
BOTTOM OF THE 5TH |
Kansas City Royals batting - Pitching for Seattle Mariners : RHP Zach Eflin
|
Batting: LHB TJ Friedl
|
0-0: Ball 1-0: DOUBLE (Line Drive, 9LM, EV 91.9 MPH)
|
Batting: RHB Sean Murphy
|
0-0: Called Strike 0-1: Swinging Strike 0-2: DOUBLE (Line Drive, 78M, EV 108.1 MPH) TJ Friedl scores
|
Batting: LHB Trent Grisham
|
0-0: Called Strike 0-1: Foul Ball, location: 7LSF 0-2: SINGLE (Flyball, 34D, EV 91.9 MPH) Sean Murphy to third
|
Pitching: RHP Carlos Vargas
|
|
Batting: RHB Whit Merrifield
|
0-0: Ball 1-0: Foul Ball, location: 2F 1-1: Ball 2-1: Fly out, F3 (Line Drive, 3, EV 69.4 MPH)
|
Batting: RHB Dansby Swanson
|
0-0: Called Strike 0-1: SINGLE (Flyball, 34D, EV 94.4 MPH) Sean Murphy scores Trent Grisham to second Runner from 2nd tries for 3rd, OUT! 9-5
|
Batting: LHB Triston Casas
|
0-0: Ball 1-0: Ball 2-0: Ball Passed Ball! Dansby Swanson to second 3-0: Called Strike 3-1: Base on Balls
|
Batting: RHB Nolan Arenado
|
0-0: Called Strike 0-1: Called Strike 0-2: Ball 1-2: Foul Ball, location: 5DF 1-2: Ball 2-2: Ball 3-2: Base on Balls Dansby Swanson to third Triston Casas to second
|
Batting: LHB Jared Walsh
|
0-0: Foul Ball, location: 7LDF 0-1: Called Strike 0-2: Foul Ball, location: 9LMF 0-2: Ball 1-2: Fielders Choice at 2nd, 6-4 (Groundball, 6, EV 87.5 MPH)
|
Bottom of the 5th over - 2 runs, 4 hits, 0 errors, 3 left on base; Seattle 0 - Kansas City 2 |
TOP OF THE 6TH |
Seattle Mariners batting - Pitching for Kansas City Royals : RHP Aaron Nola
|
Batting: LHB Reese McGuire
|
0-0: Foul Ball, location: 2F 0-1: Swinging Strike 0-2: Ball 1-2: Ball 2-2: Foul Ball, location: 25FF 2-2: Foul Ball, location: 23F 2-2: Ball 3-2: Ground out 4-3 (Groundball, 4, EV 81.9 MPH)
|
Batting: RHB Aledmys Diaz
|
0-0: Foul Ball, location: 23F 0-1: Ball 1-1: DOUBLE (Flyball, 89XD, EV 92.5 MPH)
|
Batting: RHB Nick Ahmed
|
0-0: Called Strike 0-1: Swinging Strike 0-2: Ball 1-2: 2-RUN HOME RUN (Flyball, 89XD, EV 98.8 MPH), Distance : 399 ft
|
Batting: LHB Brandon Nimmo
|
0-0: Ball 1-0: Called Strike 1-1: Called Strike 1-2: Ball 2-2: Strikes out looking
|
Batting: RHB Mookie Betts
|
0-0: Called Strike 0-1: Fly out, F6 (Flyball, 56D, EV 88.1 MPH)
|
Top of the 6th over - 2 runs, 2 hits, 0 errors, 0 left on base; Seattle 2 - Kansas City 2 |
BOTTOM OF THE 6TH |
Kansas City Royals batting - Pitching for Seattle Mariners : RHP Carlos Vargas
|
Batting: RHB Gleyber Torres
|
0-0: Swinging Strike 0-1: Ball 1-1: Swinging Strike 1-2: Ground out 5-3 (Groundball, 56, EV 105.0 MPH)
|
Pitching: LHP Brooks Raley
|
|
Batting: LHB TJ Friedl
|
0-0: Ball 1-0: Ball 2-0: Ball 3-0: Called Strike 3-1: Called Strike 3-2: Base on Balls
|
Batting: RHB Sean Murphy
|
0-0: Ball 1-0: Called Strike 1-1: Called Strike 1-2: Strikes out swinging
|
Pinch Hitting: RHB Tyler Nevin
|
0-0: Fielders Choice at 2nd, 6-4 (Groundball, 56, EV 109.4 MPH)
|
Bottom of the 6th over - 0 runs, 0 hits, 0 errors, 1 left on base; Seattle 2 - Kansas City 2 |
TOP OF THE 7TH |
Seattle Mariners batting - Pitching for Kansas City Royals : RHP Aaron Nola
|
Now in LF: Tyler Nevin
|
|
Now in CF: TJ Friedl
|
|
Batting: RHB Manny Machado
|
0-0: Foul Ball, location: 9LSF 0-1: Ball 1-1: Ball 2-1: Called Strike 2-2: Reached on error, E6 (Groundball, 6, EV 91.3 MPH)
|
Batting: LHB Joey Votto
|
0-0: Ball 1-0: Swinging Strike 1-1: Swinging Strike 1-2: Ball 2-2: Strikes out swinging
|
Pitching: LHP Jose Alvarado
|
|
Batting: LHB Rowdy Tellez
|
0-0: Called Strike 0-1: Swinging Strike 0-2: Foul Ball, location: 23FF 0-2: Ball 1-2: Fly out, F9 (Flyball, 9, EV 95.0 MPH)
|
Pinch Hitting: RHB Kyle Higashioka
|
0-0: Swinging Strike 0-1: Foul Ball, location: 2F 0-2: Foul Ball, location: 7LMFF 0-2: Fly out, F8 (Flyball, 8RD, EV 98.1 MPH)
|
Top of the 7th over - 0 runs, 0 hits, 1 error, 1 left on base; Seattle 2 - Kansas City 2 |
BOTTOM OF THE 7TH |
Kansas City Royals batting - Pitching for Seattle Mariners : LHP Brooks Raley
|
Pitching: RHP Yency Almonte
|
|
Now in LF: Ronald Torreyes
|
|
Batting: RHB Whit Merrifield
|
0-0: Foul Ball, location: 9LMF 0-1: Ball 1-1: Swinging Strike 1-2: DOUBLE (Line Drive, 9LS, EV 111.9 MPH)
|
Batting: RHB Dansby Swanson
|
0-0: Called Strike 0-1: Swinging Strike 0-2: Ball 1-2: Ball 2-2: Strikes out looking
|
Batting: LHB Triston Casas
|
0-0: Foul Ball, location: 7LDF 0-1: Swinging Strike 0-2: Ball 1-2: Strikes out swinging
|
Batting: RHB Nolan Arenado
|
0-0: Ball 1-0: Called Strike 1-1: Ball 2-1: 2-RUN HOME RUN (Flyball, 7D, EV 105.6 MPH), Distance : 385 ft
|
Batting: LHB Jared Walsh
|
0-0: Called Strike 0-1: Foul Ball, location: 9LDF 0-2: Foul Ball, location: 2F 0-2: Strikes out swinging
|
Bottom of the 7th over - 2 runs, 2 hits, 0 errors, 0 left on base; Seattle 2 - Kansas City 4 |
TOP OF THE 8TH |
Seattle Mariners batting - Pitching for Kansas City Royals : LHP Jose Alvarado
|
Batting: LHB Reese McGuire
|
0-0: Ball 1-0: Swinging Strike 1-1: Swinging Strike 1-2: Foul Ball, location: 2F 1-2: Foul Ball, location: 5SF 1-2: Ball 2-2: Strikes out swinging
|
Batting: RHB Aledmys Diaz
|
0-0: Foul Ball, location: 3F 0-1: Foul Ball, location: 5F 0-2: Foul Ball, location: 9LDF 0-2: Ball 1-2: Ball 2-2: Ball 3-2: Fly out, F3 (Line Drive, 34, EV 80.6 MPH)
|
Batting: RHB Nick Ahmed
|
0-0: Swinging Strike 0-1: Ball 1-1: Fly out, F7 (Flyball, 78M, EV 96.3 MPH)
|
Top of the 8th over - 0 runs, 0 hits, 0 errors, 0 left on base; Seattle 2 - Kansas City 4 |
BOTTOM OF THE 8TH |
Kansas City Royals batting - Pitching for Seattle Mariners : RHP Yency Almonte
|
Pitching: LHP Kent Emanuel
|
|
Batting: RHB Gleyber Torres
|
0-0: Ball 1-0: Foul Ball, location: 2F 1-1: Ground out 6-3 (Groundball, 6, EV 84.4 MPH)
|
Batting: LHB TJ Friedl
|
0-0: Called Strike 0-1: Swinging Strike 0-2: Ground out U3 (Groundball, 34, EV 105.6 MPH)
|
Batting: RHB Sean Murphy
|
0-0: Called Strike 0-1: Foul Ball, location: 2F 0-2: Ball 1-2: Ball 2-2: Strikes out looking
|
Bottom of the 8th over - 0 runs, 0 hits, 0 errors, 0 left on base; Seattle 2 - Kansas City 4 |
TOP OF THE 9TH |
Seattle Mariners batting - Pitching for Kansas City Royals : LHP Jose Alvarado
|
Pitching: RHP Garrett Whitlock
|
|
Now at 1B: Gleyber Torres
|
|
Now at 2B: Nicky Lopez
|
|
Batting: LHB Brandon Nimmo
|
0-0: Called Strike 0-1: Ball 1-1: Ball 2-1: Swinging Strike 2-2: Strikes out swinging
|
Batting: RHB Mookie Betts
|
0-0: Ball 1-0: Ball 2-0: Foul Ball, location: 9LMF 2-1: Called Strike 2-2: Ball 3-2: Fly out, F5 (Popup, 5S, EV 84.4 MPH)
|
Batting: RHB Manny Machado
|
0-0: Ball 1-0: Ball 2-0: Ball 3-0: Base on Balls
|
Batting: LHB Joey Votto
|
0-0: Swinging Strike 0-1: Swinging Strike 0-2: Ball 1-2: Strikes out looking
|
Top of the 9th over - 0 runs, 0 hits, 0 errors, 1 left on base; Seattle 2 - Kansas City 4 |
|